Map: Newkirk Precinct TE (Void)

Players

Namshar

  • Race: Zerg Zerg
  • Spawn Location: 7:00

ShoWTimE - Winner!

  • Race: Protoss Protoss
  • Spawn Location: 5:00

Event: WCS Austin 2017

VOD

Have the link to the VOD?

Description

Time

  • Played on: April 29, 2017, 1:18 p.m.
  • Length: 16:23

All games in this series

Show
View Real Time Build Order
Export as new Build Order

Namshar Zerg 

Build Orders: Hatch First 

Get SALT Encoding   

  12  0:00  Drone  
  13  0:12  Overlord  
  13  0:17  Drone  
  14  0:31  Drone x2  
  14  0:34  Drone  
  17  0:52  Hatchery  
  17  0:57  Drone  
  17  1:00  Drone  
  18  1:11  Extractor  
  17  1:15  Spawning Pool  
  16  1:18  Drone  
  16  1:21  Drone  
  18  1:29  Drone  
  19  1:38  Overlord  
  19  1:49  Drone  
  20  2:01  Queen  
  20  2:02  Zergling x2  
  20  2:04  Drone, Queen  
  26  2:11  Drone, Metabolic Boost  
  26  2:15  Drone  
  28  2:21  Drone  
  29  2:27  Drone  
  30  2:32  Drone  
  30  2:36  Drone  
  32  2:42  Hatchery  
  31  2:47  Drone  
  31  2:50  Queen  
  34  2:59  Overlord  
  34  3:01  Zergling x2  
  34  3:03  Overlord  
  35  3:07  Drone  
  36  3:17  Drone  
  36  3:18  Drone x3  
  36  3:19  Drone x3  
  43  3:20  Drone  
  43  3:25  Queen  
  46  3:29  Drone  
  47  3:37  Drone x2  
  49  3:45  Spore Crawler  
  49  3:47  Drone x3  
  49  3:48  Drone  
  52  3:52  Spore Crawler  
  52  3:55  Drone, Roach Warren  
  51  3:57  Overlord, Spore Crawler  
  51  3:58  Drone  
  51  4:00  Drone  
  51  4:01  Drone  
  53  4:03  Drone  
  53  4:09  Drone x2  
  56  4:17  Overlord x2  
  56  4:18  Drone, Extractor  
  56  4:19  Drone x2  
  58  4:26  Overlord  
  58  4:27  Drone x2  
  60  4:37  Roach  
  60  4:38  Roach x5  
  72  4:43  Extractor  
  71  4:46  Roach  
  71  4:47  Roach  
  75  4:55  Roach x2  
  75  4:56  Drone x3  
  75  4:57  Drone  
  82  5:05  Zergling x6, Roach  
  78  5:15  Drone x4  
  78  5:21  Drone x3  
  83  5:26  Drone  
  84  5:29  Drone x2  
  84  5:31  Lair  
  84  5:33  Evolution Chamber  
  85  5:36  Drone x2  
  85  5:37  Drone, Extractor  
  85  5:40  Drone x3  
  90  5:47  Overlord  
  90  5:49  Overlord x4  
  90  5:58  Extractor  
  90  6:00  Zerg Missile Weapons Level 1, Extractor  
  87  6:07  Drone  
  87  6:10  Drone x3, Hatchery  
  87  6:11  Drone x2  
  92  6:13  Roach x3  
  98  6:19  Roach x3  
  98  6:21  Ravager x2  
  106  6:28  Roach x4  
  113  6:34  Roach x3  
  113  6:38  Drone x4  
  124  6:40  Drone  
  124  6:45  Drone  
  124  6:46  Glial Reconstitution, Overseer  
  125  6:55  Overlord  
  125  6:56  Overlord x3  
  125  7:03  Overlord  
  125  7:04  Overlord x2  
  125  7:07  Overlord  
  125  7:10  Ravager x2  
  125  7:12  Roach  
  125  7:13  Overlord x2  
  129  7:19  Roach  
  129  7:20  Roach x3  
  137  7:25  Roach x3  
  143  7:31  Overlord  
  143  7:32  Roach x3  
  143  7:36  Roach x2  
  153  7:41  Drone  
  153  7:42  Hydralisk Den  
  153  7:43  Drone  
  153  7:44  Drone x3  
  151  7:50  Roach  
  151  7:51  Roach x3  
  161  7:54  Zerg Missile Weapons Level 2  
  161  7:56  Ravager  
  161  7:57  Ravager x3  
  161  7:58  Ravager, Overseer  
  166  8:04  Roach x3  
  172  8:11  Roach x4  
  180  8:16  Roach x3  
  186  8:28  Ravager x2  
  186  8:29  Ravager  
  186  8:38  Roach x3  
  186  8:39  Roach x4  
  180  8:54  Roach  
  180  8:55  Roach x9  
  175  9:01  Roach x5  
  171  9:07  Drone x2  
  171  9:09  Ravager  
  171  9:10  Roach x3  
  171  9:16  Roach  
  181  9:17  Roach x3  
  167  9:24  Roach x5  
  167  9:27  Roach  
  174  9:33  Roach x4  
  175  9:44  Roach x8  
  175  9:49  Drone  
  175  9:50  Drone x2  
  175  9:51  Ravager  
  179  9:54  Ravager  
  179  9:55  Zergling x4, Roach  
  178  10:08  Queen  
  178  10:14  Drone x3  
  179  10:17  Ravager x3  
  179  10:18  Ravager  
  179  10:20  Roach x4, Zergling x16  
  190  10:39  Roach x10  
  188  10:45  Roach x4  
  188  10:48  Ravager  
  191  10:51  Ravager, Zergling x2  
  191  10:52  Zergling x6  
  186  11:06  Roach  
  186  11:07  Roach x8  
  200  11:15  Roach x2  
  200  11:17  Zerg Ground Armor Level 1  
  197  11:32  Roach x3  
  182  11:44  Roach x7  
  182  11:46  Ravager  
  192  11:48  Roach x4  
  192  11:49  Roach  
  187  11:55  Drone x5  
  185  12:13  Roach  
  185  12:14  Roach x9  
  177  12:22  Roach x2  
  156  12:31  Roach x4  
  156  12:33  Zergling x6  
  167  12:38  Ravager  
  167  12:39  Ravager x3  
  167  12:40  Ravager  
  167  12:41  Ravager, Zergling x2  
  174  12:53  Hatchery  
  174  12:54  Queen  
  174  12:56  Drone  
  171  12:59  Hatchery  
  168  13:07  Ravager  
  168  13:08  Ravager x5  
  168  13:10  Overlord  
  168  13:11  Roach x4  
  182  13:18  Roach x2  
  182  13:19  Roach  
  155  13:43  Roach x10  
  155  13:47  Ravager  
  164  14:00  Roach x7  
  162  14:24  Ravager x2  
  162  14:25  Ravager x2  
  162  14:26  Roach x2  
  162  14:27  Roach x2  
  176  14:31  Roach x2  
  178  14:40  Burrow  
  172  14:55  Tunneling Claws  
  166  15:06  Roach x8  
  179  15:16  Roach x2  
  166  15:31  Roach x3  
  162  15:38  Roach  
Show
View Real Time Build Order
Export as new Build Order

ShoWTimE Protoss - Winner!

Build Orders: 1 Gate Expand 

Get SALT Encoding   

  12  0:00  Probe (Chrono Boost)  
  13  0:11  Probe (Chrono Boost)  
  14  0:19  Pylon  
  14  0:22  Probe (Chrono Boost)  
  15  0:37  Probe (Chrono Boost)  
  15  0:39  Gateway  
  16  0:44  Assimilator  
  16  0:49  Probe (Chrono Boost)  
  17  0:59  Probe (Chrono Boost)  
  18  1:10  Probe (Chrono Boost)  
  19  1:23  Nexus  
  19  1:27  Probe (Chrono Boost)  
  20  1:36  Cybernetics Core  
  21  1:40  Probe (Chrono Boost)  
  21  1:44  Assimilator  
  21  1:50  Probe (Chrono Boost)  
  22  1:54  Pylon  
  22  2:01  Probe (Chrono Boost)  
  23  2:09  Adept  
  23  2:13  Warp Gate  
  23  2:14  Probe (Chrono Boost)  
  26  2:22  Twilight Council  
  26  2:27  Probe (Chrono Boost)  
  27  2:32  Stalker  
  27  2:36  Probe (Chrono Boost)  
  30  2:40  Probe (Chrono Boost)  
  31  2:46  Probe (Chrono Boost)  
  33  2:52  Probe (Chrono Boost)  
  33  2:56  Resonating Glaives  
  33  2:59  Robotics Facility, Probe (Chrono Boost)  
  34  3:07  Probe (Chrono Boost)  
  34  3:11  Probe (Chrono Boost)  
  36  3:19  Probe (Chrono Boost)  
  37  3:21  Gateway  
  37  3:27  Gateway  
  37  3:29  Probe (Chrono Boost)  
  37  3:32  Probe (Chrono Boost)  
  39  3:35  Pylon  
  39  3:40  Probe (Chrono Boost)  
  40  3:42  Warp Prism  
  40  3:46  Probe (Chrono Boost)  
  43  3:52  Probe (Chrono Boost), Pylon  
  44  3:58  Probe (Chrono Boost)  
  44  4:00  Assimilator  
  44  4:01  Assimilator  
  46  4:04  Probe (Chrono Boost)  
  47  4:10  Probe (Chrono Boost)  
  47  4:15  Adept  
  47  4:16  Adept  
  52  4:18  Probe (Chrono Boost)  
  52  4:22  Observer, Adept  
  52  4:23  Mothership Core (Chrono Boost)  
  56  4:31  Probe (Chrono Boost)  
  58  4:35  Pylon  
  58  4:40  Pylon  
  58  4:41  Probe (Chrono Boost)  
  58  4:43  Probe (Chrono Boost)  
  60  4:51  Probe (Chrono Boost)  
  61  4:56  Adept x3  
  66  5:03  Probe (Chrono Boost)  
  66  5:05  Probe (Chrono Boost)  
  68  5:10  Immortal  
  69  5:15  Probe (Chrono Boost)  
  69  5:18  Probe (Chrono Boost)  
  66  5:26  Nexus  
  66  5:27  Probe (Chrono Boost)  
  66  5:28  Sentry x3  
  71  5:29  Pylon  
  71  5:31  Pylon  
  71  5:34  Probe (Chrono Boost)  
  72  5:36  Forge  
  72  5:41  Probe (Chrono Boost)  
  73  5:45  Probe (Chrono Boost)  
  73  5:46  Immortal  
  73  5:47  Robotics Facility  
  74  5:55  Probe (Chrono Boost)  
  79  5:57  Sentry x2  
  79  5:58  Sentry  
  79  6:01  Probe (Chrono Boost)  
  79  6:03  Protoss Ground Weapons Level 1  
  86  6:07  Probe (Chrono Boost)  
  86  6:10  Gateway  
  86  6:11  Phoenix  
  87  6:12  Probe (Chrono Boost)  
  89  6:19  Probe (Chrono Boost)  
  89  6:22  Probe (Chrono Boost), Pylon  
  89  6:24  Gateway  
  90  6:26  Gateway  
  90  6:31  Probe (Chrono Boost)  
  91  6:33  Immortal  
  91  6:38  Charge  
  91  6:39  Immortal  
  95  6:42  Probe (Chrono Boost)  
  100  6:49  Probe (Chrono Boost)  
  101  6:55  Phoenix x2  
  101  6:57  Probe (Chrono Boost), Photon Cannon  
  102  7:04  Pylon  
  102  7:07  Pylon  
  102  7:08  Gateway  
  102  7:09  Gateway  
  102  7:15  Probe x2 (Chrono Boost)  
  105  7:16  Assimilator, Probe (Chrono Boost)  
  105  7:18  Assimilator  
  105  7:20  Immortal  
  109  7:25  Immortal  
  109  7:29  Templar Archives  
  113  7:44  Zealot x3  
  113  7:50  Photon Cannon  
  119  7:52  Pylon  
  119  7:55  Psionic Storm  
  119  7:59  Protoss Ground Weapons Level 2  
  119  8:01  Pylon  
  119  8:04  Immortal  
  123  8:08  High Templar x2  
  123  8:12  Pylon  
  127  8:15  Nexus  
  127  8:18  High Templar, Immortal, Pylon  
  133  8:29  Zealot x3  
  133  8:31  High Templar  
  141  8:40  Photon Cannon  
  133  8:42  Photon Cannon  
  133  8:43  Zealot x2  
  135  8:53  Immortal  
  133  9:00  Zealot x2  
  131  9:03  Gateway  
  131  9:05  Gateway  
  131  9:10  High Templar  
  131  9:11  High Templar, Zealot x2  
  131  9:15  Archon  
  137  9:18  Photon Cannon  
  131  9:26  High Templar x2  
  131  9:30  Archon  
  135  9:32  Photon Cannon  
  135  9:34  Immortal  
  135  9:35  Photon Cannon  
  137  9:45  Zealot x4  
  135  9:50  Immortal  
  135  9:54  Gateway  
  139  10:05  Probe (Chrono Boost)  
  139  10:06  Assimilator, Probe x2 (Chrono Boost)  
  141  10:07  Probe (Chrono Boost)  
  141  10:10  Assimilator  
  141  10:13  Immortal  
  135  10:15  High Templar, Stargate  
  135  10:16  High Templar, Zealot x3  
  135  10:20  Archon  
  145  10:24  Zealot x2  
  145  10:28  Immortal  
  145  10:39  High Templar x2  
  145  10:40  Zealot x2  
  145  10:44  Archon  
  145  10:53  Gateway x2  
  145  10:54  Pylon  
  140  10:57  Zealot x4  
  140  11:00  Immortal  
  146  11:06  Immortal  
  146  11:07  Zealot x2  
  154  11:15  Protoss Ground Weapons Level 3  
  154  11:19  Pylon  
  154  11:21  Robotics Bay  
  154  11:23  Zealot  
  154  11:24  Zealot x2  
  156  11:37  Zealot x5  
  158  11:40  Blink  
  158  11:43  Zealot  
  158  11:47  Zealot x2  
  158  11:52  High Templar x3  
  162  12:04  High Templar x3  
  162  12:05  High Templar  
  162  12:07  Pylon  
  160  12:08  Pylon  
  160  12:09  Archon  
  160  12:10  Archon  
  160  12:11  Disruptor  
  150  12:15  Disruptor  
  146  12:23  Zealot x3  
  146  12:24  Zealot  
  154  12:34  Zealot x3  
  156  12:41  Fleet Beacon  
  156  12:43  Stargate  
  156  12:45  Disruptor  
  159  12:51  Disruptor  
  159  12:57  Photon Cannon  
  156  12:59  Photon Cannon  
  152  13:06  Zealot  
  152  13:07  Zealot x3  
  152  13:09  High Templar x2  
  152  13:12  Zealot  
  166  13:24  Zealot x4  
  170  13:36  Zealot  
  159  13:44  Zealot  
  159  13:45  Zealot x6  
  169  14:10  Nexus, Carrier  
  169  14:13  Pylon  
  164  14:26  Carrier  
  164  14:28  Graviton Catapult  
  170  14:43  High Templar x2  
  170  14:44  High Templar x3  
  170  14:45  High Templar  
  182  14:46  High Templar  
  182  14:47  High Templar  
  182  14:50  Archon x3  
  182  14:52  Archon  
  184  14:54  Observer  
  181  15:04  Photon Cannon  
  181  15:06  Photon Cannon  
  181  15:07  Zealot x3  
  185  15:14  Photon Cannon  
  185  15:18  Zealot x4  
  185  15:19  Zealot  
  189  15:26  Zealot  
  169  15:47  Zealot x5  
  179  15:54  Zealot x3  
Tags
 
Add a new tag
Caveats
  • Supply blocks, unpowered buildings, or Contaminate may cause inaccurate times.
  • Supply counts are checked every 10 seconds.